General information
- name: BNet
- type: Ladder team game (AT/RT)
- host: Battle.net
- saver: timg4strok
map: ScorchedBasin
- players: 4
- length: 08:36
- speed: Fast
- version: 1.21 W3XP
- replay type:

» download(56 KB)
Players
team 1 (loser)
iMg]PsiStorM (
pink | 111 APM | 953 actions | 08:35)
3 Death Knight
2 Death Coil
1 Unholy Aura
» actions
| Assign group hotkey | 22 | |
| Basic commands | 5 | |
| Build / train | 26 | |
| Enter build submenu | 9 | |
| Enter hero's abilities submenu | 3 | |
| Give item / drop item | 3 | |
| Right click | 598 | |
| Select / deselect | 118 | |
| Select group hotkey | 125 | |
| Use ability | 44 | |
953 total
» units
| Acolyte | 2 | |
| Ghoul | 3 | |
| Crypt Fiend | 7 | |
12 total
» upgrades
| Backpack | 1 | |
| Creature Attack | 1 | |
| Burrow | 1 | |
| Web | 1 | |
4 total
» buildings
| Crypt | 1 | |
| Graveyard | 1 | |
| Ziggurat | 4 | |
| Altar of Darkness | 1 | |
| Tomb of Relics | 1 | |
| Nerubian Tower | 1 | |
| Halls of the Dead | 1 | |
| Slaughterhouse | 1 | |
11 total
» build order
00:07 Crypt
00:22 Graveyard
00:41 Ziggurat
00:57 Altar of Darkness
01:48 Tomb of Relics
01:53 Nerubian Tower
02:10 Ziggurat
04:13 Halls of the Dead
04:48 Ziggurat
06:04 Ziggurat
06:52 Slaughterhouse
» items
| Rod of Necromancy | 2 | |
| Dust of Appearance | 1 | |
3 total
RiceJuice (
red | 182 APM | 1552 actions | 08:31)
1 Blademaster
1 Wind Walk
1 Shadow Hunter
1 Hex
» actions
| Assign group hotkey | 23 | |
| Basic commands | 150 | |
| Build / train | 31 | |
| ESC pressed | 1 | |
| Enter build submenu | 14 | |
| Enter hero's abilities submenu | 2 | |
| Right click | 591 | |
| Select / deselect | 224 | |
| Select group hotkey | 473 | |
| Use ability | 43 | |
1552 total
» units
» upgrades
| Berserker Strength | 1 | |
| Ensnare | 1 | |
2 total
» buildings
| Altar of Storms | 2 | |
| Orc Burrow | 3 | |
| Barracks | 2 | |
| Voodoo Lounge | 1 | |
| Stronghold | 1 | |
| War Mill | 1 | |
| Beastiary | 1 | |
11 total
» build order
00:08 Altar of Storms
00:10 Altar of Storms
00:25 Orc Burrow
00:35 Barracks
00:38 Barracks
01:43 Orc Burrow
02:02 Voodoo Lounge
03:16 Stronghold
05:17 Orc Burrow
05:19 War Mill
05:56 Beastiary
» items
| Healing Salve | 3 | |
| Lesser Clarity Potion | 3 | |
| Scroll of Speed | 2 | |
| Scroll of Town Portal | 1 | |
| Potion of Healing | 1 | |
10 total
team 2 (winner)

»
iggy_the_fisk (
yellow | 91 APM | 783 actions | 08:36)
3 Death Knight
2 Death Coil
1 Unholy Aura
» actions
| Assign group hotkey | 95 | |
| Basic commands | 3 | |
| Build / train | 32 | |
| Enter build submenu | 12 | |
| Enter hero's abilities submenu | 3 | |
| Remove unit from queue | 1 | |
| Right click | 401 | |
| Select / deselect | 143 | |
| Select group hotkey | 67 | |
| Use ability | 26 | |
783 total
» units
| Acolyte | 2 | |
| Ghoul | 2 | |
| Crypt Fiend | 7 | |
11 total
» upgrades
» buildings
| Crypt | 1 | |
| Graveyard | 1 | |
| Altar of Darkness | 1 | |
| Ziggurat | 3 | |
| Tomb of Relics | 1 | |
| Nerubian Tower | 1 | |
| Halls of the Dead | 1 | |
| Slaughterhouse | 1 | |
10 total
» build order
00:08 Crypt
00:28 Graveyard
00:34 Altar of Darkness
00:48 Ziggurat
01:06 Tomb of Relics
01:46 Nerubian Tower
02:02 Ziggurat
04:24 Halls of the Dead
05:20 Ziggurat
07:00 Slaughterhouse
» items
| Rod of Necromancy | 1 | |
| Lesser Clarity Potion | 2 | |
| Healing Salve | 1 | |
4 total

»
timg4strok (
green | 116 APM | 1002 actions | 08:36)
3 Blademaster
2 Wind Walk
1 Critical Strike
1 Shadow Hunter
1 Hex
» actions
| Assign group hotkey | 14 | |
| Basic commands | 33 | |
| Build / train | 27 | |
| ESC pressed | 2 | |
| Enter build submenu | 10 | |
| Enter hero's abilities submenu | 4 | |
| Right click | 456 | |
| Select / deselect | 113 | |
| Select group hotkey | 310 | |
| Use ability | 33 | |
1002 total
» units
» upgrades
| Berserker Strength | 1 | |
| Pillage | 1 | |
2 total
» buildings
| Altar of Storms | 1 | |
| Orc Burrow | 4 | |
| Barracks | 1 | |
| Stronghold | 1 | |
| Voodoo Lounge | 1 | |
| Beastiary | 2 | |
10 total
» build order
00:09 Altar of Storms
00:13 Orc Burrow
00:49 Barracks
01:31 Orc Burrow
02:40 Stronghold
03:22 Voodoo Lounge
04:08 Orc Burrow
05:11 Beastiary
06:43 Beastiary
06:54 Orc Burrow
» items
| Healing Salve | 2 | |
| Lesser Clarity Potion | 1 | |
3 total
Chat log
(08:30 / All) RiceJuice: gg
(08:32 / All) timg4strok: gg
(08:34 / All) iggy_the_fisk: gg